 Dungeon Crawl Stone Soup version 0.30.0-29-ga12c61a403 (webtiles) character file.

Game seed: 6950122245212276917

214048 qw the Tortoise (level 19, -2/128 HPs)
             Began as a Gargoyle Fighter on June 5, 2023.
             Was an Elder of Okawaru.
             Slain by a wight
             ... wielding a +6 halberd
              (9 damage)
             ... on level 3 of the Abyss.
             The game lasted 00:23:06 (31386 turns).

qw the Tortoise (Gargoyle Fighter)                 Turns: 31386, Time: 00:23:07

Health: -2/128     AC: 64    Str: 25    XL:     19   Next: 37%
Magic:  26/26      EV: 18    Int: 15    God:    Okawaru [****..]
Gold:   139        SH: 22    Dex: 11    Spells: 18/18 levels left

rFire   + . .        D - +3 war axe (vamp)
rCold   . . .        i - +1 tower shield {AC+3}
rNeg    + . .        o - +0 crystal plate armour
rPois   inf          G - +0 helmet {SInv}
rElec   +            c - +1 cloak of Starlight {*Dazzle EV+4 Stlth--}
rCorr   .            K - +2 pair of gloves of Okawaru's Wrath {rF+ Dex+2}
SInv    +            p - +3 pair of boots "Meidut" {rPois Int+3}
Will    +....        j - amulet of faith Stlth
                     y - +5 ring of evasion
HPRegen 0.41/turn    k - +4 ring of protection
MPRegen 0.20/turn

%: faith
@: about to teleport, heroic, flying, unable to drink
A: sickness immunity, AC +14, big wings, negative energy resistance 1,
electricity resistance, torment resistance 1, petrification resistance,
[deterioration 2]
a: Renounce Religion, Heroism, Finesse


You were on level 3 of the Abyss.
You worshipped Okawaru.
Okawaru was greatly pleased with you.
You visited 6 branches of the dungeon, and saw 30 of its levels.
You visited the Abyss 2 times.
You also visited: Gauntlet.

You collected 3476 gold pieces.
You spent 3337 gold pieces at shops.


Innate Abilities, Weirdness & Mutations

You are immune to sickness and miasma.
Your stone body is resilient. (AC +14)
You are immune to poison.
Your large and strong wings let you fly.
You resist negative energy. (rN+)
You are resistant to electric shocks. (rElec)
You are resistant to unholy torment.
You are immune to petrification.
[Your body often deteriorates upon taking damage.]


   Skills:
 - Level 17.0(22.0) Fighting
 - Level 16.0(21.0) Axes
 - Level 8.2(13.2) Throwing
 - Level 17.9(22.9) Armour
 - Level 5.0(10.0) Dodging
 + Level 17.3(22.3) Shields
 - Level 10.0 Invocations


You had 18 spell levels left.
You didn't know any spells.
Your spell library was empty.

Inventory:

Hand Weapons
 D - a +3 vampiric war axe (weapon)
 N - a +3 heavy broad axe
Missiles
 x - 29 boomerangs
 A - 10 javelins
 I - a boomerang of dispersal
 L - 2 silver javelins (quivered)
Armour
 c - the +1 cloak of Starlight (worn) {*Dazzle EV+4 Stlth--}
   (You found it in a Gauntlet)

   *Dazzle:   It may blind those who miss an attack against the wearer in melee
   combat.
   EV:        It affects your evasion (+4).
   Stlth:     It makes you much less stealthy.
 i - a +1 tower shield of protection (worn)
 o - a +0 crystal plate armour (worn)
 p - the +3 pair of boots "Meidut" (worn) {rPois Int+3}
   (You found it on level 1 of the Snake Pit)

   Int:       It affects your intelligence (+3).
   rPois:     It protects you from poison.
 q - +0 acid dragon scales
 G - a +0 helmet of see invisible (worn)
 K - the +2 pair of gloves of Okawaru's Wrath (worn) {rF+ Dex+2}
   (Okawaru gifted it to you on level 2 of the Shoals)

   Dex:       It affects your dexterity (+2).
   rF:        It protects you from fire.
Jewellery
 f - a ring of ice
 g - a ring of resist corrosion
 j - an amulet of faith (around neck)
 k - a +4 ring of protection (right hand)
 m - a ring of ice
 u - the ring "Onkexog" {rPois rF+ rC- rCorr MP+9}
   (You found it in a Gauntlet)

   [ring of magical power]

   rF:        It protects you from fire.
   rC:        It makes you vulnerable to cold.
   rPois:     It protects you from poison.
   MP:        It affects your magic capacity (+9).
   rCorr:     It protects you from acid and corrosion.
 y - a +5 ring of evasion (left hand)
 z - an amulet of regeneration
Wands
 b - a wand of digging (15)
Scrolls
 h - 15 scrolls of identify
 l - 13 scrolls of teleportation
 H - a scroll of brand weapon
Potions
 a - 9 potions of haste
 d - 11 potions of might
 e - 6 potions of lignification
 n - 2 potions of resistance
 r - 4 potions of mutation
 t - 11 potions of curing
 w - 6 potions of magic
 B - 4 potions of cancellation
 F - 2 potions of attraction

Dungeon Overview and Level Annotations

Branches:
Dungeon (15/15)            Temple (1/1) D:4            Lair (5/5) D:11
 Shoals (4/4) Lair:3        Snake (3/4) Lair:3        Slime (0/5) Lair:4
    Orc (2/2) D:11            Elf (0/3) Orc:2        Vaults (0/5) D:14
 Depths (0/4) D:15        Gauntlet (visited)

Altars:
Ashenzari
Cheibriados
Dithmenos
Elyvilon
Fedhas
Gozag
Hepliaklqana
Kikubaaqudgha
Makhleb
Nemelex Xobeh
Okawaru
Qazlal
Ru
Sif Muna
Trog
Uskayaw
Vehumet
Wu Jian
Xom
Yredelemnul
Zin
The Shining One
Jiyva

Shops:
D:5 ?**   D:7 *   D:9 *   D:11 *   D:15 !([:   Orc:2 [*(:   Shoals:3 !(
Snake:3 !

Annotations:
D:3 3 runed translucent doors, qw's ghost, amateur GrFi
D:11 2 transporters
D:14 2 transporters, qw's ghost, journeyman GrFi
Lair:4 3 runed translucent doors, qw's ghost, journeyman GrFi
Shoals:1 1 runed translucent door, 2 transporters, Meoqees's ghost, adept MiFi
Shoals:2 3 runed translucent doors, Kehia's ghost, adept DrWn; Meod's ghost, adept MiBe; case's ghost, adept MiBe; thechecker02's ghost, adept GnFi
Shoals:3 1 runed translucent door, Paetweng's ghost, adept OgFi
Orc:2 3 runed translucent doors, qw's ghost, journeyman GrFi


Message History

You slice the starcursed mass!!
You destroy the starcursed mass!
Okawaru accepts your kill.
You slash the spatial maelstrom!
You block the spatial maelstrom's attack.
The spatial maelstrom barely misses you.
You feel the corruption within you wane completely.
You no longer become unable to drink potions after taking damage.
You slice the spatial maelstrom!!
The spatial maelstrom is almost destroyed.
You slash the spatial vortex! You slice the starcursed mass!!
You destroy the starcursed mass!
Okawaru accepts your kill. A chorus of shrieks assaults your mind.
The spatial maelstrom misses you.
You block the spatial maelstrom's attack.
A wretched star comes into view.
You block the wight's attack.
You barely miss the spatial maelstrom.
The spatial maelstrom is almost destroyed.
You hit the starcursed mass but do no damage.
You hit the starcursed mass. You hit the spatial vortex.
The starcursed mass shudders and withdraws towards its neighbour.
You block the spatial vortex's attack.
You block the spatial maelstrom's attack.
The spatial maelstrom hits you but does no damage.
The wretched star pulses with an eldritch light!
You feel yourself wasting away.
You feel your body start to fall apart.
You hit the spatial maelstrom.
The spatial maelstrom is almost destroyed.
You hit the spatial vortex. You slash the starcursed mass!
You destroy the starcursed mass!
Okawaru accepts your kill.
You hit the starcursed mass.
You destroy the starcursed mass!
Okawaru accepts your kill.
You block the spatial maelstrom's attack.
The spatial maelstrom hits you but does no damage.
The wight hits you from afar with a +6 halberd!
You die...

. ..~~ ... .
~~~~~.~~.~~#¤. .
~~.~ ~~.##...#
~~~~~~...¤..
~~~~~......# .. .
.~#~~~~X#....##.#
... #[~z#.#.#...#
~ # #~#*~.v#.....
~ . #@~~..... ...
....¤.)~v)~..#.#
. ##.####....#...
. .... .#.#.#.. .
# . .###....# # .
. .#.¤ # #. .# .
### # # # # .


You could see a starcursed mass, a spatial maelstrom, a wretched star, a spatial
vortex and a wight.

Vanquished Creatures
  Vashnia (Snake:3)
  A bone dragon (Abyss:2)
  Rupert (Lair:4)
  Polyphemus (Shoals:3)
  Gastronok (Lair:3)
  5 krakens (Shoals:1)
  Agnes (Snake:3)
  A shadow dragon (Abyss:3)
  A nagaraja (Snake:3)
  Donald (Snake:1)
  Ilsuiw (Shoals:2)
  A balrug (Abyss:2)
  An orc warlord (Orc:2)
  A stone giant (D:15)
  3 very ugly things (Abyss:3)
  A green draconian (Abyss:3)
  Azrael (D:14)
  A minotaur (Gauntlet)
  16 starcursed masses
  4 merfolk javelineers
  8 merfolk impalers
  2 rakshasas
  5 hydras
  A salamander tyrant (Snake:3)
  5 catoblepae
  4 merfolk avatars
  Erica (Lair:1)
  7 centaur warriors
  7 death yaks
  3 merfolk aquamancers
  5 anacondas
  8 naga warriors
  5 two-headed ogres
  2 boulder beetles
  2 satyrs
  A thrashing horror (Abyss:2)
  12 naga sharpshooters
  2 tengu warriors
  6 shock serpents
  6 orc high priests
  3 sun demons (Abyss:2)
  A salamander mystic (Snake:3)
  6 skysharks
  5 skeletal warriors (D:14)
  14 sea snakes
  2 wretched stars (Abyss:2)
  A fire crab (Gauntlet)
  2 lindwurms (Lair:5)
  7 naga ritualists
  Pikel (D:7)
  5 orc knights
  23 harpies
  15 mana vipers
  A wizard (D:14)
  4 orc sorcerers
  A deep elf pyromancer (D:13)
  22 fauns
  8 ugly things
  6 cyclopes
  10 salamanders
  16 manticores
  Maurice (D:8)
  14 merfolk sirens
  2 guardian serpents
  41 black mambas
  A torpor snail (Lair:5)
  3 elephants (Lair:5)
  2 smoke demons (Abyss:2)
  11 naga magi
  An apocalypse crab (Gauntlet)
  5 water nymphs
  A large abomination (Abyss:2)
  Maggie (Lair:1)
  A gargoyle (D:11)
  10 cane toads
  A minotaur zombie (Gauntlet)
  Psyche (D:9)
  2 unseen horrors
  10 komodo dragons
  6 rime drakes
  A freezing wraith (D:15)
  An efreet (D:13)
  A tengu conjurer (D:13)
  4 polar bears
  3 ancient zymes
  44 merfolk
  A troll (shapeshifter) (D:14)
  3 trolls
  4 meliai
  3 hornets (D:9)
  3 wind drakes
  9 dream sheep
  15 blink frogs
  5 small abominations
  6 flying skulls (Gauntlet)
  9 snapping turtles
  10 raiju
  31 slime creatures
  2 shadows
  2 vampires
  7 water elementals
  3 wraiths
  Grum (D:11)
  3 fire elementals (D:14)
  3 fire bats (Gauntlet)
  62 yaks
  3 basilisks
  16 humans (D:14)
  A wyvern (Lair:1)
  7 vampire mosquitoes
  A chaos spawn (Abyss:2)
  2 death yak simulacra (D:13)
  29 nagas
  A warg (Orc:1)
  2 acid dragons
  19 water moccasins
  Duvessa (D:7)
  3 hell hounds (D:14)
  29 orc warriors
  An ice beast (D:6)
  2 sky beasts (D:7)
  10 ogres
  8 wolves
  4 black bears
  7 centaurs
  3 lemures (D:7)
  13 bullfrogs
  A two-headed ogre simulacrum (D:13)
  A gnoll sergeant (D:8)
  5 scorpions
  10 wights
  Dowan (D:7)
  2 killer bees (D:9)
  5 electric eels
  4 howler monkeys
  3 jellies (Lair:4)
  2 quasits (Abyss:2)
  32 orc priests
  A hound (D:6)
  A gnoll bouda (D:6)
  7 iguanas
  34 orc wizards
  A sleepcap (D:5)
  A polar bear simulacrum (D:13)
  2 troll simulacra (D:13)
  8 gnolls
  8 adders
  2 naga simulacra (D:13)
  2 white imps
  2 ufetubi (D:5)
  2 dart slugs
  97 orcs
  4 ball pythons
  3 endoplasms
  A giant cockroach (D:1)
  8 goblins
  7 hobgoblins
  3 jackals (D:1)
  6 kobolds
  2 quokkas (D:1)
  7 bats
  2 frilled lizards (D:1)
  A rat (D:1)
  A lurking horror (Abyss:2)
  11 tentacles (Shoals:1)
1091 creatures vanquished.

Vanquished Creatures (others)
  A thrashing horror (Abyss:2)
  2 merfolk (Shoals:4)
  2 slime creatures (D:13)
  A large abomination (Abyss:2)
  A small abomination (Abyss:2)
  27 tentacles (Shoals:1)
34 creatures vanquished.

Grand Total: 1125 creatures vanquished

Notes
Turn   | Place    | Note
-------+----------+-------------------------------------------
     0 | D:1      | qw the Gargoyle Fighter began the quest for the Orb.
     0 | D:1      | Reached XP level 1. HP: 14/14 MP: 1/1
     0 | D:1      | 0 ||| qw: Version: 0.2-a-108-gee2c290
     0 | D:1      | 0 ||| qw: Game counter: 1433
     0 | D:1      | 0 ||| qw: Always use a shield: true
     0 | D:1      | 0 ||| qw: God list: Okawaru
     0 | D:1      | 0 ||| qw: Allow faded altars: false
     0 | D:1      | 0 ||| qw: Do Orc after D:15 true
     0 | D:1      | 0 ||| qw: Do second Lair branch before Depths: true
     0 | D:1      | 0 ||| qw: Lair rune preference: random
     0 | D:1      | 0 ||| qw: Plans: Normal, Zot:1-4, Slime:5, God:TSO, Crypt,
                  | Tomb, Abyss, Pan, Hells, Win
     0 | D:1      | 0 ||| PLANNING D:1-11
   151 | D:1      | Reached XP level 2. HP: 19/19 MP: 2/2
   164 | D:1      | 164 ||| Stepping ~*~*~tactically~*~*~ (hiding).
   165 | D:1      | 165 ||| Stepping ~*~*~tactically~*~*~ (hiding).
   180 | D:1      | 180 ||| Stepping ~*~*~tactically~*~*~ (stealth).
   181 | D:1      | 181 ||| Stepping ~*~*~tactically~*~*~ (stealth).
   182 | D:1      | 182 ||| Stepping ~*~*~tactically~*~*~ (stealth).
   183 | D:1      | 183 ||| Stepping ~*~*~tactically~*~*~ (stealth).
   190 | D:1      | 190 ||| Stepping ~*~*~tactically~*~*~ (stealth).
   269 | D:1      | Reached skill level 3 in Axes
   282 | D:1      | Reached XP level 3. HP: 22/23 MP: 3/3
   297 | D:1      | 297 ||| Stepping ~*~*~tactically~*~*~ (stealth).
   354 | D:1      | 354 ||| Stepping ~*~*~tactically~*~*~ (stealth).
   356 | D:1      | 356 ||| Stepping ~*~*~tactically~*~*~ (stealth).
   651 | D:1      | 651 ||| READING scroll labelled KADER YTOSU.
   656 | D:1      | 656 ||| READING scroll labelled CUILAT VUDWUECE.
   769 | D:2      | 769 ||| Stepping ~*~*~tactically~*~*~ (hiding).
   773 | D:2      | 773 ||| Stepping ~*~*~tactically~*~*~ (hiding).
   881 | D:2      | 881 ||| DROPPING +0 club.
   926 | D:2      | Identified the +4 dagger of Udyqomu {freeze, Str-5 Dex+5
                  | SInv}
   942 | D:2      | Identified the +8 dagger of War {drain, Drain rPois Will++
                  | Str+2 Dex+3}
  1079 | D:2      | 1079 ||| READING scroll labelled USENAWA XAIBIQ.
  1180 | D:2      | 1180 ||| READING scroll labelled XITTYM KIMNU.
  1262 | D:3      | Found a runed translucent gate.
  1263 | D:3      | Found a runed translucent gate.
  1264 | D:3      | Found a runed translucent gate.
  1265 | D:3      | Noticed a kobold brigand
  1266 | D:3      | Noticed qw's ghost (amateur GrFi)
  1604 | D:3      | Reached XP level 4. HP: 28/28 MP: 4/4
  1892 | D:3      | 1892 ||| UPGRADING to +0 pair of boots.
  1897 | D:3      | 1897 ||| READING scroll labelled RIUVOWNYPUNO.
  1898 | D:3      | 1898 ||| READING 3 scrolls labelled UWAPHEXILUY.
  1899 | D:3      | 1899 ||| READING 2 scrolls of enchant weapon.
  1899 | D:3      | 1899 ||| ENCHANTING +1 war axe of freezing.
  1900 | D:3      | 1900 ||| READING scroll of enchant weapon.
  1900 | D:3      | 1900 ||| ENCHANTING +2 war axe of freezing.
  1901 | D:3      | 1901 ||| READING scroll labelled XUOCSIFFEF.
  1902 | D:3      | 1902 ||| READING scroll labelled COGHAC IBBYWKA.
  1903 | D:3      | 1903 ||| READING 2 scrolls of identify.
  1903 | D:3      | 1903 ||| IDENTIFYING metallic inky potion
  1977 | D:4      | Found a staircase to the Ecumenical Temple.
  1978 | D:4      | 1978 ||| PLANNING TEMPLE
  1984 | Temple   | Entered the Ecumenical Temple
  1995 | Temple   | 1995 ||| PLANNING OKAWARU WORSHIP
  2036 | Temple   | Became a worshipper of Warmaster Okawaru
  2036 | Temple   | 2036 ||| PLANNING D:1-11
  2128 | D:4      | 2128 ||| Stepping ~*~*~tactically~*~*~ (hiding).
  2134 | D:4      | 2134 ||| Stepping ~*~*~tactically~*~*~ (stealth).
  2137 | D:4      | 2137 ||| Stepping ~*~*~tactically~*~*~ (stealth).
  2231 | D:4      | Reached XP level 5. HP: 30/32 MP: 5/5
  2322 | D:4      | Found a bloodstained altar of Trog.
  2332 | D:4      | Noticed an ogre
  2335 | D:4      | Noticed an ogre
  2341 | D:4      | Killed an ogre
  2341 | D:4      | Reached * piety under Okawaru
  2342 | D:4      | Reached XP level 6. HP: 25/37 MP: 6/6
  2342 | D:4      | 2342 ||| INVOKING Heroism.
  2562 | D:4      | 2562 ||| UPGRADING to +0 chain mail.
  2572 | D:4      | 2572 ||| DROPPING +0 scale mail.
  2573 | D:4      | 2573 ||| DROPPING amulet of magic regeneration.
  2574 | D:4      | 2574 ||| UPGRADING to +4 ring of slaying {mikee}.
  2575 | D:4      | 2575 ||| READING scroll labelled RAOTWEONETH.
  2576 | D:4      | 2576 ||| READING 3 scrolls of identify.
  2576 | D:4      | 2576 ||| IDENTIFYING sedimented purple potion
  2577 | D:4      | 2577 ||| READING 2 scrolls of identify.
  2577 | D:4      | 2577 ||| IDENTIFYING golden potion
  2578 | D:4      | 2578 ||| DROPPING potion of flight.
  2597 | D:5      | Entered Level 5 of the Dungeon
  2804 | D:5      | 2804 ||| Stepping ~*~*~tactically~*~*~ (hiding).
  2807 | D:5      | 2807 ||| INVOKING Heroism.
  2822 | D:5      | Reached skill level 6 in Axes
  2836 | D:5      | Found Susann's General Store.
  2840 | D:5      | 2840 ||| DROPPING +0 whip.
  2846 | D:5      | Noticed a black bear
  2847 | D:5      | 2847 ||| BUYING scroll of teleportation (36 gold).
  2847 | D:5      | Bought a scroll of teleportation for 36 gold pieces
  2847 | D:5      | 2847 ||| INVOKING Heroism.
  2849 | D:5      | Noticed a yak
  2850 | D:5      | Noticed a yak
  2853 | D:5      | Killed a black bear
  2854 | D:5      | Reached skill level 1 in Dodging
  2854 | D:5      | Reached XP level 7. HP: 37/43 MP: 4/7
  2857 | D:5      | Noticed a yak
  2858 | D:5      | Reached skill level 1 in Invocations
  2858 | D:5      | Noticed a yak
  2858 | D:5      | Noticed a yak
  2859 | D:5      | Noticed a yak
  2860 | D:5      | Killed a yak
  2864 | D:5      | 2864 ||| INVOKING Heroism.
  2866 | D:5      | Killed a yak
  2867 | D:5      | Reached skill level 3 in Invocations
  2868 | D:5      | Killed a yak
  2869 | D:5      | Reached XP level 8. HP: 22/48 MP: 4/11
  2869 | D:5      | Killed a yak
  2869 | D:5      | Reached ** piety under Okawaru
  2870 | D:5      | Killed a yak
  2873 | D:5      | Killed a yak
  2977 | D:5      | 2977 ||| Stepping ~*~*~tactically~*~*~ (hiding).
  2979 | D:5      | 2979 ||| INVOKING Heroism.
  3009 | D:5      | Found Uhaburoh's Assorted Antiques.
  3025 | D:5      | 3025 ||| BUYING potion of might (116 gold).
  3025 | D:5      | Bought a potion of might for 116 gold pieces
  3025 | D:5      | 3025 ||| BUYING scroll labelled LINITI SUQUT (29 gold).
  3025 | D:5      | Bought a scroll labelled LINITI SUQUT for 29 gold pieces
  3025 | D:5      | 3025 ||| SHOPLISTING silvery potion (26 gold, have 23).
  3220 | D:5      | 3220 ||| INVOKING Heroism.
  3297 | D:5      | 3297 ||| INVOKING Heroism.
  3301 | D:5      | Reached XP level 9. HP: 55/55 MP: 9/12
  3346 | D:5      | Reached skill level 6 in Fighting
  3372 | D:5      | Found a shadowy altar of Dithmenos.
  3372 | D:5      | Found a sacrificial altar of Ru.
  3658 | D:5      | 3658 ||| Stepping ~*~*~tactically~*~*~ (hiding).
  3662 | D:5      | 3662 ||| INVOKING Heroism.
  3745 | D:5      | Found Surros's Magic Scroll Shop.
  3750 | D:5      | 3750 ||| SHOPLISTING scroll of enchant armour (75 gold,
                  | have 23).
  3750 | D:5      | 3750 ||| SHOPLISTING scroll of enchant weapon (75 gold,
                  | have 23).
  3750 | D:5      | 3750 ||| BUYING scroll of identify (20 gold).
  3750 | D:5      | Bought a scroll of identify for 20 gold pieces
  3750 | D:5      | 3750 ||| SHOPLISTING scroll of identify (20 gold, have 3).
  3750 | D:5      | 3750 ||| SHOPLISTING scroll of teleportation (30 gold, have
                  | 3).
  3750 | D:5      | 3750 ||| UPGRADING to +0 pair of gloves.
  3755 | D:5      | 3755 ||| READING scroll labelled LINITI SUQUT.
  3756 | D:5      | 3756 ||| READING 3 scrolls of identify.
  3756 | D:5      | 3756 ||| IDENTIFYING pink potion
  3757 | D:5      | 3757 ||| READING 2 scrolls of identify.
  3757 | D:5      | 3757 ||| IDENTIFYING yellow potion
  3758 | D:5      | 3758 ||| DROPPING potion of invisibility.
  3759 | D:5      | 3759 ||| DROPPING potion of brilliance.
  3887 | D:6      | 3887 ||| Stepping ~*~*~tactically~*~*~ (hiding).
  3888 | D:6      | 3888 ||| Stepping ~*~*~tactically~*~*~ (hiding).
  3890 | D:6      | 3890 ||| INVOKING Heroism.
  3916 | D:6      | 3916 ||| INVOKING Heroism.
  3959 | D:6      | 3959 ||| FLEEEEING.
  3969 | D:6      | 3969 ||| STAIRDANCE
  4036 | D:6      | 4036 ||| Stepping ~*~*~tactically~*~*~ (hiding).
  4042 | D:6      | 4042 ||| INVOKING Heroism.
  4060 | D:6      | 4060 ||| Stepping ~*~*~tactically~*~*~ (stealth).
  4061 | D:6      | 4061 ||| Stepping ~*~*~tactically~*~*~ (stealth).
  4062 | D:6      | 4062 ||| Stepping ~*~*~tactically~*~*~ (stealth).
  4063 | D:6      | 4063 ||| Stepping ~*~*~tactically~*~*~ (stealth).
  4067 | D:6      | 4067 ||| Stepping ~*~*~tactically~*~*~ (hiding).
  4068 | D:6      | 4068 ||| Stepping ~*~*~tactically~*~*~ (hiding).
  4069 | D:6      | 4069 ||| Stepping ~*~*~tactically~*~*~ (hiding).
  4082 | D:6      | 4082 ||| FLEEEEING.
  4083 | D:6      | 4083 ||| FLEEEEING.
  4084 | D:6      | 4084 ||| FLEEEEING.
  4085 | D:6      | 4085 ||| FLEEEEING.
  4087 | D:6      | 4087 ||| INVOKING Heroism.
  4099 | D:6      | 4099 ||| Stepping ~*~*~tactically~*~*~ (stealth).
  4100 | D:6      | 4100 ||| Stepping ~*~*~tactically~*~*~ (stealth).
  4101 | D:6      | 4101 ||| Stepping ~*~*~tactically~*~*~ (stealth).
  4102 | D:6      | 4102 ||| FLEEEEING.
  4103 | D:6      | 4103 ||| FLEEEEING.
  4104 | D:6      | 4104 ||| FLEEEEING.
  4105 | D:6      | 4105 ||| FLEEEEING.
  4106 | D:6      | 4106 ||| FLEEEEING.
  4107 | D:6      | 4107 ||| STAIRDANCE
  4162 | D:6      | Reached skill level 9 in Axes
  4167 | D:6      | 4167 ||| DROPPING +0 flail.
  4184 | D:6      | 4184 ||| Stepping ~*~*~tactically~*~*~ (stealth).
  4210 | D:6      | 4210 ||| Stepping ~*~*~tactically~*~*~ (hiding).
  4211 | D:6      | 4211 ||| Stepping ~*~*~tactically~*~*~ (hiding).
  4271 | D:6      | 4271 ||| Stepping ~*~*~tactically~*~*~ (stealth).
  4282 | D:6      | 4282 ||| Stepping ~*~*~tactically~*~*~ (hiding).
  4283 | D:6      | 4283 ||| Stepping ~*~*~tactically~*~*~ (hiding).
  4285 | D:6      | 4285 ||| INVOKING Heroism.
  4591 | D:6      | 4591 ||| Stepping ~*~*~tactically~*~*~ (hiding).
  4922 | D:6      | 4922 ||| INVOKING Heroism.
  4974 | D:6      | 4974 ||| Stepping ~*~*~tactically~*~*~ (stealth).
  4975 | D:6      | 4975 ||| Stepping ~*~*~tactically~*~*~ (stealth).
  4977 | D:6      | 4977 ||| Stepping ~*~*~tactically~*~*~ (hiding).
  5043 | D:6      | 5043 ||| UPGRADING to +4 ring of protection.
  5044 | D:6      | 5044 ||| READING scroll labelled ITAETOJY MAOQ.
  5045 | D:6      | 5045 ||| READING scroll labelled DECVOMABIF.
  5046 | D:6      | 5046 ||| DRINKING 3 glowing ruby potions.
  5047 | D:6      | 5047 ||| READING 2 scrolls of identify.
  5047 | D:6      | 5047 ||| IDENTIFYING inky potion
  5048 | D:6      | 5048 ||| DROPPING 2 potions of degeneration.
  5068 | D:7      | 5068 ||| INVOKING Heroism.
  5086 | D:7      | 5086 ||| Stepping ~*~*~tactically~*~*~ (hiding).
  5087 | D:7      | 5087 ||| Stepping ~*~*~tactically~*~*~ (hiding).
  5088 | D:7      | 5088 ||| Stepping ~*~*~tactically~*~*~ (hiding).
  5089 | D:7      | 5089 ||| Stepping ~*~*~tactically~*~*~ (hiding).
  5090 | D:7      | 5090 ||| Stepping ~*~*~tactically~*~*~ (hiding).
  5091 | D:7      | 5091 ||| Stepping ~*~*~tactically~*~*~ (hiding).
  5093 | D:7      | 5093 ||| Stepping ~*~*~tactically~*~*~ (hiding).
  5094 | D:7      | 5094 ||| Stepping ~*~*~tactically~*~*~ (hiding).
  5167 | D:7      | 5167 ||| Stepping ~*~*~tactically~*~*~ (hiding).
  5294 | D:7      | Noticed Duvessa
  5295 | D:7      | 5295 ||| INVOKING Heroism.
  5300 | D:7      | Killed Duvessa
  5302 | D:7      | Noticed Dowan
  5303 | D:7      | 5303 ||| Stepping ~*~*~tactically~*~*~ (stealth).
  5315 | D:7      | Killed Dowan
  5349 | D:7      | Reached XP level 10. HP: 63/63 MP: 13/13
  5446 | D:7      | Found Attad's Fire Supplies.
  5462 | D:7      | 5462 ||| SHOPLISTING +0 fire dragon scales (840 gold, have
                  | 135).
  5462 | D:7      | 5462 ||| SHOPLISTING +1 scale mail of fire resistance (224
                  | gold, have 135).
  5462 | D:7      | 5462 ||| SHOPLISTING ring of protection from fire (350
                  | gold, have 135).
  5708 | D:7      | 5708 ||| Stepping ~*~*~tactically~*~*~ (hiding).
  6217 | D:7      | Noticed Pikel
  6224 | D:7      | 6224 ||| INVOKING Heroism.
  6226 | D:7      | Killed Pikel
  6577 | D:8      | 6577 ||| INVOKING Heroism.
  6588 | D:8      | Reached *** piety under Okawaru
  6634 | D:8      | 6634 ||| Stepping ~*~*~tactically~*~*~ (stealth).
  6635 | D:8      | 6635 ||| Stepping ~*~*~tactically~*~*~ (stealth).
  6669 | D:8      | 6669 ||| Stepping ~*~*~tactically~*~*~ (stealth).
  6697 | D:8      | 6697 ||| Stepping ~*~*~tactically~*~*~ (hiding).
  6890 | D:8      | 6890 ||| Stepping ~*~*~tactically~*~*~ (hiding).
  6911 | D:8      | 6911 ||| INVOKING Heroism.
  7020 | D:8      | Noticed Maurice
  7029 | D:8      | Killed Maurice
  7099 | D:8      | 7099 ||| Stepping ~*~*~tactically~*~*~ (hiding).
  7237 | D:8      | 7237 ||| Stepping ~*~*~tactically~*~*~ (stealth).
  7239 | D:8      | 7239 ||| Stepping ~*~*~tactically~*~*~ (hiding).
  7240 | D:8      | 7240 ||| Stepping ~*~*~tactically~*~*~ (hiding).
  7241 | D:8      | 7241 ||| Stepping ~*~*~tactically~*~*~ (hiding).
  7610 | D:8      | 7610 ||| UPGRADING to +0 plate armour.
  7620 | D:8      | 7620 ||| DROPPING +0 chain mail.
  7621 | D:8      | 7621 ||| UPGRADING to +2 cloak.
  7626 | D:8      | 7626 ||| DRINKING 2 blue potions.
  7731 | D:8      | 7731 ||| DRINKING 2 sedimented amethyst potions.
  7732 | D:8      | 7732 ||| DROPPING potion of berserk rage.
  7784 | D:9      | Found Epruneo's Assorted Antiques.
  7790 | D:9      | 7790 ||| BUYING bubbling white potion (20 gold).
  7790 | D:9      | Bought a bubbling white potion for 20 gold pieces
  7790 | D:9      | 7790 ||| BUYING glass wand (92 gold).
  7790 | D:9      | Bought a glass wand for 92 gold pieces
  7790 | D:9      | 7790 ||| SHOPLISTING glowing plate armour (598 gold, have
                  | 166).
  7790 | D:9      | 7790 ||| BUYING potion of curing (69 gold).
  7790 | D:9      | Bought a potion of curing for 69 gold pieces
  7790 | D:9      | 7790 ||| BUYING scroll labelled MUTODAU ITHRORO (23 gold).
  7790 | D:9      | Bought a scroll labelled MUTODAU ITHRORO for 23 gold pieces
  7790 | D:9      | 7790 ||| BUYING scroll of identify (46 gold).
  7790 | D:9      | Bought a scroll of identify for 46 gold pieces
  7827 | D:9      | Found a burning altar of Makhleb.
  8083 | D:9      | 8083 ||| Stepping ~*~*~tactically~*~*~ (hiding).
  8085 | D:9      | 8085 ||| Stepping ~*~*~tactically~*~*~ (hiding).
  8086 | D:9      | 8086 ||| Stepping ~*~*~tactically~*~*~ (hiding).
  8087 | D:9      | 8087 ||| Stepping ~*~*~tactically~*~*~ (hiding).
  8107 | D:9      | Reached skill level 6 in Armour
  8124 | D:9      | 8124 ||| Stepping ~*~*~tactically~*~*~ (hiding).
  8125 | D:9      | 8125 ||| Stepping ~*~*~tactically~*~*~ (hiding).
  8127 | D:9      | 8127 ||| Stepping ~*~*~tactically~*~*~ (hiding).
  8236 | D:9      | Noticed Psyche
  8237 | D:9      | 8237 ||| INVOKING Heroism.
  8241 | D:9      | Killed Psyche
  8285 | D:9      | Received a gift from Okawaru
  8339 | D:9      | Found a glowing silver altar of Zin.
  8341 | D:9      | Reached **** piety under Okawaru
  8342 | D:9      | Noticed a two-headed ogre
  8343 | D:9      | 8343 ||| INVOKING Heroism.
  8350 | D:9      | Killed a two-headed ogre
  8351 | D:9      | Reached XP level 11. HP: 63/69 MP: 11/14
  8697 | D:9      | 8697 ||| Stepping randomly (disturbance).
  8701 | D:9      | Reached ***** piety under Okawaru
  8856 | D:9      | Identified the +4 falchion "Mosi" {antimagic, *Corrode
                  | Str+2 Dex+3}
  8863 | D:9      | 8863 ||| UPGRADING to +0 helmet.
  8868 | D:9      | 8868 ||| UPGRADING to +5 ring of evasion.
  8870 | D:9      | 8870 ||| DROPPING +4 ring of slaying {mikee}.
  8871 | D:9      | 8871 ||| READING scroll labelled MUTODAU ITHRORO.
  8872 | D:9      | 8872 ||| READING 3 scrolls of identify.
  8872 | D:9      | 8872 ||| IDENTIFYING bubbling white potion
  8873 | D:9      | 8873 ||| READING 2 scrolls of identify.
  8873 | D:9      | 8873 ||| IDENTIFYING emerald potion
  8874 | D:9      | 8874 ||| DROPPING potion of ambrosia.
  8875 | D:9      | 8875 ||| DROPPING wand of flame (13).
  8886 | D:10     | Entered Level 10 of the Dungeon
  8967 | D:10     | 8967 ||| DROPPING +4 morningstar.
  9269 | D:10     | 9269 ||| Stepping ~*~*~tactically~*~*~ (stealth).
  9271 | D:10     | 9271 ||| Stepping ~*~*~tactically~*~*~ (hiding).
  9289 | D:10     | 9289 ||| Stepping ~*~*~tactically~*~*~ (stealth).
  9291 | D:10     | 9291 ||| Stepping ~*~*~tactically~*~*~ (hiding).
  9292 | D:10     | Received a gift from Okawaru
  9293 | D:10     | 9293 ||| INVOKING Heroism.
  9294 | D:10     | 9294 ||| Stepping ~*~*~tactically~*~*~ (hiding).
  9664 | D:10     | 9664 ||| READING scroll labelled HIPEME PUCIU.
  9664 | D:10     | Identified a scroll of acquirement
  9664 | D:10     | 9664 ||| ACQUIRING +2 pair of boots of rampaging
  9664 | D:10     | Acquired a +2 pair of boots of rampaging
  9666 | D:10     | 9666 ||| UPGRADING to +2 pair of boots of rampaging.
  9676 | D:10     | 9676 ||| DROPPING +0 pair of boots.
  9706 | D:11     | 9706 ||| Stepping ~*~*~tactically~*~*~ (hiding).
  9708 | D:11     | 9708 ||| Stepping ~*~*~tactically~*~*~ (hiding).
  9710 | D:11     | 9710 ||| Stepping ~*~*~tactically~*~*~ (hiding).
  9719 | D:11     | 9719 ||| FLEEEEING.
  9723 | D:11     | 9723 ||| STAIRDANCE
  9752 | D:11     | 9752 ||| INVOKING Heroism.
  9758 | D:11     | Identified the +1 robe "Horphody" {rElec Regen+ Str+3}
                  | (Okawaru gifted it to you on level 11 of the Dungeon)
  9758 | D:11     | Received a gift from Okawaru
  9759 | D:11     | Reached skill level 9 in Fighting
  9804 | D:11     | Found a transporter.
  9815 | D:11     | Reached skill level 6 in Invocations
  9832 | D:11     | Noticed a cyclops
  9833 | D:11     | 9833 ||| INVOKING Heroism.
  9835 | D:11     | Found a staircase to the Lair.
  9837 | D:11     | Noticed a cyclops
  9840 | D:11     | Noticed Grum
  9841 | D:11     | 9841 ||| INVOKING Finesse.
  9844 | D:11     | Killed a cyclops
  9851 | D:11     | Killed a cyclops
  9854 | D:11     | Killed Grum
  9898 | D:11     | Reached skill level 9 in Armour
  9928 | D:11     | 9928 ||| INVOKING Heroism.
 10211 | D:11     | Found a staircase to the Orcish Mines.
 10223 | D:11     | Found Oxemmafa's Neck Hole.
 10230 | D:11     | 10230 ||| SHOPLISTING amulet of faith (600 gold, have 243).
 10230 | D:11     | 10230 ||| SHOPLISTING amulet of guardian spirit (450 gold,
                  | have 243).
 10230 | D:11     | 10230 ||| SHOPLISTING amulet of reflection (450 gold, have
                  | 243).
 10230 | D:11     | 10230 ||| SHOPLISTING scarf of resistance (480 gold, have
                  | 243).
 10259 | D:11     | 10259 ||| INVOKING Heroism.
 10327 | D:11     | 10327 ||| Stepping ~*~*~tactically~*~*~ (stealth).
 10339 | D:11     | 10339 ||| INVOKING Heroism.
 10483 | D:11     | Found a transporter.
 10534 | D:11     | Noticed an orc high priest
 10537 | D:11     | Noticed an orc sorcerer
 10878 | D:11     | 10878 ||| PLANNING LAIR
 10878 | D:11     | 10878 ||| DROPPING orb of energy.
 10879 | D:11     | 10879 ||| DROPPING +6 ring of dexterity.
 10880 | D:11     | 10880 ||| READING 2 scrolls of identify.
 10880 | D:11     | 10880 ||| IDENTIFYING bubbling golden potion
 10921 | Lair:1   | Entered Level 1 of the Lair of Beasts
 10921 | Lair:1   | Noticed Erica
 10922 | Lair:1   | 10922 ||| INVOKING Heroism.
 10925 | Lair:1   | 10925 ||| Stepping ~*~*~tactically~*~*~ (water).
 10932 | Lair:1   | Killed Erica
 10933 | Lair:1   | Reached XP level 12. HP: 76/76 MP: 16/18
 11048 | Lair:1   | 11048 ||| Stepping ~*~*~tactically~*~*~ (water).
 11109 | Lair:1   | Noticed Maggie
 11110 | Lair:1   | 11110 ||| Stepping ~*~*~tactically~*~*~ (hiding).
 11125 | Lair:1   | Killed Maggie
 11146 | Lair:1   | 11146 ||| INVOKING Heroism.
 11159 | Lair:1   | Reached skill level 9 in Invocations
 11298 | Lair:1   | 11298 ||| INVOKING Heroism.
 11312 | Lair:1   | Reached skill level 12 in Axes
 11315 | Lair:1   | Reached skill level 6 in Shields
 11353 | Lair:1   | 11353 ||| INVOKING Heroism.
 11771 | Lair:2   | Noticed a catoblepas
 11772 | Lair:2   | 11772 ||| INVOKING Heroism.
 11779 | Lair:2   | Killed a catoblepas
 11956 | Lair:2   | 11956 ||| INVOKING Heroism.
 12075 | Lair:2   | Found a hazy altar of Hepliaklqana.
 12103 | Lair:2   | 12103 ||| INVOKING Heroism.
 12107 | Lair:2   | Noticed a seven-headed hydra
 12114 | Lair:2   | 12114 ||| SWAPPING to +2 hand axe of flaming.
 12124 | Lair:2   | Killed a one-headed hydra
 12125 | Lair:2   | 12125 ||| SWAPPING to +3 war axe of freezing.
 12212 | Lair:2   | 12212 ||| Stepping ~*~*~tactically~*~*~ (hiding).
 12213 | Lair:2   | 12213 ||| Stepping ~*~*~tactically~*~*~ (hiding).
 12300 | Lair:2   | 12300 ||| INVOKING Heroism.
 12341 | Lair:2   | 12341 ||| READING scroll of enchant armour.
 12341 | Lair:2   | 12341 ||| ENCHANTING +0 pair of gloves.
 12363 | Lair:2   | 12363 ||| INVOKING Heroism.
 12793 | Lair:2   | 12793 ||| DROPPING ring of flight.
 12794 | Lair:2   | 12794 ||| READING scroll labelled BELEMAF RO WOBB.
 12795 | Lair:2   | 12795 ||| READING scroll labelled HEIMMA VEZXOKKEA.
 12877 | Lair:3   | 12877 ||| INVOKING Heroism.
 12904 | Lair:3   | 12904 ||| Stepping ~*~*~tactically~*~*~ (stealth).
 12927 | Lair:3   | 12927 ||| INVOKING Heroism.
 13128 | Lair:3   | 13128 ||| INVOKING Heroism.
 13233 | Lair:3   | Noticed Gastronok
 13234 | Lair:3   | 13234 ||| Stepping ~*~*~tactically~*~*~ (hiding).
 13236 | Lair:3   | 13236 ||| Stepping ~*~*~tactically~*~*~ (hiding).
 13238 | Lair:3   | 13238 ||| Stepping ~*~*~tactically~*~*~ (hiding).
 13240 | Lair:3   | 13240 ||| INVOKING Heroism.
 13260 | Lair:3   | Killed Gastronok
 13261 | Lair:3   | Reached XP level 13. HP: 82/82 MP: 20/20
 13432 | Lair:3   | 13432 ||| Stepping ~*~*~tactically~*~*~ (stealth).
 13609 | Lair:3   | 13609 ||| Stepping ~*~*~tactically~*~*~ (hiding).
 13613 | Lair:3   | 13613 ||| Stepping ~*~*~tactically~*~*~ (hiding).
 13627 | Lair:3   | 13627 ||| Stepping ~*~*~tactically~*~*~ (hiding).
 13646 | Lair:3   | 13646 ||| Stepping ~*~*~tactically~*~*~ (stealth).
 13653 | Lair:3   | Found a staircase to the Snake Pit.
 13819 | Lair:3   | Found a staircase to the Shoals.
 13886 | Lair:3   | 13886 ||| READING 4 scrolls of identify.
 13886 | Lair:3   | 13886 ||| IDENTIFYING silvery potion
 13933 | Lair:4   | 13933 ||| INVOKING Heroism.
 14043 | Lair:4   | 14043 ||| Stepping ~*~*~tactically~*~*~ (stealth).
 14171 | Lair:4   | Found a viscous altar of Jiyva.
 14171 | Lair:4   | Found a staircase to the Slime Pits.
 14364 | Lair:4   | Noticed Rupert
 14365 | Lair:4   | 14365 ||| DRINKING 5 potions of curing.
 14365 | Lair:4   | 14365 ||| (to cure confusion)
 14366 | Lair:4   | 14366 ||| INVOKING Heroism.
 14367 | Lair:4   | 14367 ||| INVOKING Finesse.
 14373 | Lair:4   | 14373 ||| DRINKING 4 potions of curing.
 14373 | Lair:4   | 14373 ||| (to cure confusion)
 14377 | Lair:4   | 14377 ||| DRINKING 3 potions of curing.
 14377 | Lair:4   | 14377 ||| (to cure confusion)
 14383 | Lair:4   | Killed Rupert
 14647 | Lair:4   | 14647 ||| Stepping ~*~*~tactically~*~*~ (hiding).
 14829 | Lair:4   | 14829 ||| Stepping ~*~*~tactically~*~*~ (stealth).
 14906 | Lair:4   | Found a runed translucent gate.
 14906 | Lair:4   | Found a runed translucent gate.
 14906 | Lair:4   | Found a runed translucent gate.
 14907 | Lair:4   | Noticed qw's ghost (journeyman GrFi)
 15099 | Lair:5   | Entered Level 5 of the Lair of Beasts
 15111 | Lair:5   | 15111 ||| Stepping ~*~*~tactically~*~*~ (water).
 15112 | Lair:5   | 15112 ||| STAIRDANCE
 15113 | Lair:5   | 15113 ||| INVOKING Heroism.
 15122 | Lair:5   | 15122 ||| INVOKING Heroism.
 15126 | Lair:5   | HP: 19/84 [black mamba (5)]
 15127 | Lair:5   | 15127 ||| READING 16 scrolls of teleportation.
 15128 | Lair:5   | 15128 ||| DRINKING 4 potions of heal wounds.
 15129 | Lair:5   | Received a gift from Okawaru
 15146 | Lair:5   | 15146 ||| INVOKING Heroism.
 15150 | Lair:5   | HP: 9/84 [komodo dragon (21)]
 15151 | Lair:5   | 15151 ||| READING 15 scrolls of teleportation.
 15152 | Lair:5   | 15152 ||| DRINKING 3 potions of heal wounds.
 15199 | Lair:5   | 15199 ||| INVOKING Heroism.
 15244 | Lair:5   | 15244 ||| INVOKING Heroism.
 15262 | Lair:5   | 15262 ||| INVOKING Finesse.
 15271 | Lair:5   | 15271 ||| SWAPPING to +2 hand axe of flaming.
 15278 | Lair:5   | 15278 ||| SWAPPING to +3 war axe of freezing.
 15343 | Lair:5   | 15343 ||| INVOKING Heroism.
 15442 | Lair:5   | 15442 ||| Stepping ~*~*~tactically~*~*~ (stealth).
 15444 | Lair:5   | 15444 ||| Stepping ~*~*~tactically~*~*~ (stealth).
 15445 | Lair:5   | 15445 ||| Stepping ~*~*~tactically~*~*~ (stealth).
 15447 | Lair:5   | 15447 ||| Stepping ~*~*~tactically~*~*~ (stealth).
 15449 | Lair:5   | 15449 ||| Stepping ~*~*~tactically~*~*~ (stealth).
 15453 | Lair:5   | 15453 ||| INVOKING Heroism.
 15457 | Lair:5   | 15457 ||| SWAPPING to +2 hand axe of flaming.
 15470 | Lair:5   | Gained mutation: Your large and strong wings let you fly.
                  | [Gargoyle growth]
 15470 | Lair:5   | Reached XP level 14. HP: 69/90 MP: 21/21
 15470 | Lair:5   | 15470 ||| SWAPPING to +3 war axe of freezing.
 15722 | Lair:5   | 15722 ||| Stepping ~*~*~tactically~*~*~ (stealth).
 15732 | Lair:5   | Reached skill level 15 in Axes
 16046 | Lair:5   | 16046 ||| READING scroll of acquirement.
 16046 | Lair:5   | 16046 ||| ACQUIRING 1074 gold pieces
 16046 | Lair:5   | Acquired 1074 gold pieces
 16101 | Lair:5   | 16101 ||| INVOKING Heroism.
 16154 | Lair:5   | Reached skill level 12 in Fighting
 16171 | Lair:5   | 16171 ||| INVOKING Heroism.
 16293 | Lair:5   | 16293 ||| INVOKING Heroism.
 16342 | Lair:5   | 16342 ||| Stepping ~*~*~tactically~*~*~ (stealth).
 16351 | Lair:5   | 16351 ||| INVOKING Heroism.
 16353 | Lair:5   | 16353 ||| Stepping ~*~*~tactically~*~*~ (hiding).
 16380 | Lair:5   | Reached skill level 12 in Armour
 16422 | Lair:5   | 16422 ||| READING scroll of enchant armour.
 16422 | Lair:5   | 16422 ||| ENCHANTING +1 pair of gloves.
 16440 | Lair:5   | 16440 ||| INVOKING Heroism.
 16664 | Lair:5   | 16664 ||| PLANNING D
 16664 | Lair:5   | 16664 ||| DROPPING +1 pair of boots of stealth.
 16665 | Lair:5   | 16665 ||| DROPPING +1 hat.
 16666 | Lair:5   | 16666 ||| UPGRADING to +3 chain mail of willpower.
 16676 | Lair:5   | 16676 ||| READING 4 scrolls of identify.
 16676 | Lair:5   | 16676 ||| IDENTIFYING red potion
 16974 | D:12     | Reached skill level 3 in Dodging
 17030 | D:12     | 17030 ||| INVOKING Heroism.
 17129 | D:12     | 17129 ||| INVOKING Heroism.
 17132 | D:12     | 17132 ||| READING 14 scrolls of teleportation.
 17152 | D:12     | Received a gift from Okawaru
 17257 | D:12     | 17257 ||| INVOKING Heroism.
 17626 | D:12     | 17626 ||| READING scroll of enchant weapon.
 17626 | D:12     | 17626 ||| ENCHANTING +3 war axe of freezing.
 17632 | D:12     | 17632 ||| READING scroll of enchant weapon.
 17632 | D:12     | 17632 ||| ENCHANTING +4 war axe of freezing.
 17797 | D:12     | 17797 ||| Stepping ~*~*~tactically~*~*~ (hiding).
 17801 | D:12     | 17801 ||| Stepping ~*~*~tactically~*~*~ (hiding).
 17937 | D:12     | 17937 ||| UPGRADING to amulet of regeneration.
 18010 | D:13     | 18010 ||| INVOKING Heroism.
 18017 | D:13     | Reached skill level 3 in Throwing
 18018 | D:13     | 18018 ||| READING 13 scrolls of teleportation.
 18031 | D:13     | HP: 18/92 [centaur warrior (10)]
 18032 | D:13     | 18032 ||| READING 12 scrolls of teleportation.
 18033 | D:13     | 18033 ||| DRINKING 2 potions of heal wounds.
 18131 | D:13     | 18131 ||| FLEEEEING.
 18132 | D:13     | 18132 ||| FLEEEEING.
 18133 | D:13     | 18133 ||| FLEEEEING.
 18134 | D:13     | 18134 ||| FLEEEEING.
 18148 | D:13     | Found a frozen archway.
 18201 | D:13     | 18201 ||| INVOKING Heroism.
 18209 | D:13     | Received a gift from Okawaru
 18237 | D:13     | 18237 ||| Stepping ~*~*~tactically~*~*~ (stealth).
 18251 | D:13     | 18251 ||| Stepping ~*~*~tactically~*~*~ (stealth).
 18252 | D:13     | 18252 ||| Stepping ~*~*~tactically~*~*~ (stealth).
 18308 | D:13     | 18308 ||| INVOKING Heroism.
 18597 | D:14     | Found a gate to the Vaults.
 18598 | D:14     | 18598 ||| INVOKING Heroism.
 18619 | D:14     | Received a gift from Okawaru
 18620 | D:14     | Reached XP level 15. HP: 92/96 MP: 22/22
 18659 | D:14     | 18659 ||| INVOKING Heroism.
 18716 | D:14     | 18716 ||| INVOKING Heroism.
 18929 | D:14     | 18929 ||| Stepping ~*~*~tactically~*~*~ (hiding).
 18930 | D:14     | 18930 ||| Stepping ~*~*~tactically~*~*~ (hiding).
 19047 | D:14     | Found a transporter.
 19049 | D:14     | Found a transporter.
 19049 | D:14     | Identified the +5 great mace of Royllawn {freeze, rC+
                  | Int+2}
 19049 | D:14     | Noticed a frost giant
 19049 | D:14     | Noticed qw's ghost (journeyman GrFi)
 19068 | D:14     | Noticed a frost giant
 19087 | D:14     | Noticed Azrael
 19089 | D:14     | 19089 ||| INVOKING Heroism.
 19110 | D:14     | Killed Azrael
 19132 | D:14     | Found an ornate altar of the Wu Jian Council.
 19158 | D:14     | Received a gift from Okawaru
 19163 | D:14     | 19163 ||| INVOKING Heroism.
 19554 | D:15     | Entered Level 15 of the Dungeon
 19555 | D:15     | 19555 ||| PLANNING GAUNTLET
 19555 | D:15     | 19555 ||| INVOKING Heroism.
 19556 | D:15     | 19556 ||| SWAPPING to +2 hand axe of flaming.
 19566 | D:15     | 19566 ||| SWAPPING to +5 war axe of freezing.
 19612 | D:15     | Found Ytaukhet's Weapon Shop.
 19616 | D:15     | 19616 ||| INVOKING Heroism.
 19621 | D:15     | 19621 ||| SWAPPING to +2 hand axe of flaming.
 19628 | D:15     | Reached skill level 6 in Throwing
 19628 | D:15     | 19628 ||| SWAPPING to +5 war axe of freezing.
 19633 | D:15     | Found a staircase to the Depths.
 19647 | D:15     | Reached skill level 9 in Shields
 19680 | D:15     | Found Weok's Distillery.
 19682 | D:15     | 19682 ||| Stepping ~*~*~tactically~*~*~ (hiding).
 19696 | D:15     | 19696 ||| INVOKING Heroism.
 19711 | D:15     | 19711 ||| Stepping ~*~*~tactically~*~*~ (hiding).
 19760 | D:15     | 19760 ||| SWAPPING to +1 vampiric war axe.
 19765 | D:15     | 19765 ||| BUYING potion of attraction (36 gold).
 19765 | D:15     | Bought a potion of attraction for 36 gold pieces
 19765 | D:15     | 19765 ||| BUYING potion of cancellation (96 gold).
 19765 | D:15     | Bought a potion of cancellation for 96 gold pieces
 19765 | D:15     | 19765 ||| BUYING potion of curing (36 gold).
 19765 | D:15     | Bought a potion of curing for 36 gold pieces
 19765 | D:15     | 19765 ||| BUYING potion of magic (96 gold).
 19765 | D:15     | Bought a potion of magic for 96 gold pieces
 19774 | D:15     | Found a gate leading to a gauntlet.
 19775 | D:15     | 19775 ||| UPGRADING to +0 kite shield.
 19785 | D:15     | 19785 ||| DROPPING +0 buckler.
 19790 | Gauntlet | Entered a Gauntlet
 19790 | Gauntlet | Found a transporter.
 19790 | Gauntlet | Found a transporter.
 19790 | Gauntlet | Found a transporter.
 19791 | Gauntlet | Found a transporter.
 19794 | Gauntlet | Found a transporter.
 19794 | Gauntlet | Found a transporter.
 19796 | Gauntlet | Found a large runed translucent door.
 19797 | Gauntlet | Found a large runed translucent door.
 19798 | Gauntlet | Found a large runed translucent door.
 19798 | Gauntlet | Found a large runed translucent door.
 19798 | Gauntlet | Found a runed translucent door.
 19798 | Gauntlet | Found a runed translucent door.
 19799 | Gauntlet | Found a large runed translucent door.
 19800 | Gauntlet | Found a large runed translucent door.
 19801 | Gauntlet | Found a large runed translucent door.
 19801 | Gauntlet | Found a large runed translucent door.
 19802 | Gauntlet | Found a runed translucent gate.
 19802 | Gauntlet | Found a runed translucent gate.
 19802 | Gauntlet | Found a runed translucent gate.
 19804 | Gauntlet | Found a transporter.
 19804 | Gauntlet | Found the +1 cloak of Starlight {*Dazzle EV+4 Stlth--}
 19808 | Gauntlet | Found a transporter.
 19830 | Gauntlet | Found a transporter.
 19851 | Gauntlet | Found a large runed translucent door.
 19851 | Gauntlet | Found a large runed translucent door.
 19852 | Gauntlet | Found a large runed translucent door.
 19853 | Gauntlet | Found a large runed translucent door.
 19854 | Gauntlet | Found a large runed translucent door.
 19854 | Gauntlet | Found a large runed translucent door.
 19855 | Gauntlet | Found a large runed translucent door.
 19856 | Gauntlet | Found a large runed translucent door.
 19923 | Gauntlet | Found a transporter.
 19927 | Gauntlet | Found a transporter.
 19943 | Gauntlet | Found a transporter.
 20013 | Gauntlet | Received a gift from Okawaru
 20059 | Gauntlet | 20059 ||| Stepping ~*~*~tactically~*~*~ (cloud).
 20083 | Gauntlet | 20083 ||| READING scroll of enchant weapon.
 20083 | Gauntlet | 20083 ||| ENCHANTING +1 vampiric war axe.
 20089 | Gauntlet | 20089 ||| UPGRADING to +1 cloak of Starlight {*Dazzle EV+4
                  | Stlth--}.
 20099 | Gauntlet | 20099 ||| DROPPING +2 cloak.
 20109 | Gauntlet | 20109 ||| Stepping randomly (stuck).
 20246 | Gauntlet | 20246 ||| DROPPING ring of positive energy.
 20293 | Gauntlet | 20293 ||| INVOKING Heroism.
 20314 | Gauntlet | Identified the ring "Onkexog" {rPois rF+ rC- rCorr MP+9}
 20326 | Gauntlet | Received a gift from Okawaru
 20364 | D:15     | 20364 ||| PLANNING D
 20403 | D:15     | 20403 ||| Stepping ~*~*~tactically~*~*~ (stealth).
 20404 | D:15     | 20404 ||| Stepping ~*~*~tactically~*~*~ (stealth).
 20414 | D:15     | 20414 ||| INVOKING Heroism.
 20506 | D:15     | Found Guimytiy's Antique Armour Emporium.
 20516 | D:15     | 20516 ||| BUYING runed helmet (217 gold).
 20516 | D:15     | Bought a runed helmet for 217 gold pieces
 20565 | D:15     | 20565 ||| Stepping ~*~*~tactically~*~*~ (hiding).
 20566 | D:15     | 20566 ||| Stepping ~*~*~tactically~*~*~ (hiding).
 20596 | D:15     | 20596 ||| Stepping ~*~*~tactically~*~*~ (hiding).
 20637 | D:15     | Found a stormy altar of Qazlal.
 20649 | D:15     | Identified the +0 kite shield of Exclusion {rElec rPois
                  | Dex-4}
 20745 | D:15     | Found Tuorph's Book Shoppe.
 20896 | D:15     | Found a sacrificial altar of Ru.
 20901 | D:15     | 20901 ||| PLANNING ORC
 20901 | D:15     | 20901 ||| UPGRADING to +0 helmet of see invisible.
 20911 | D:15     | 20911 ||| DROPPING +0 helmet.
 20912 | D:15     | 20912 ||| DROPPING +0 kite shield of Exclusion {rElec rPois
                  | Dex-4}.
 20913 | D:15     | 20913 ||| DROPPING amulet of the acrobat.
 21038 | Orc:1    | Entered Level 1 of the Orcish Mines
 21043 | Orc:1    | 21043 ||| Stepping ~*~*~tactically~*~*~ (stealth).
 21044 | Orc:1    | 21044 ||| Stepping ~*~*~tactically~*~*~ (stealth).
 21045 | Orc:1    | 21045 ||| INVOKING Heroism.
 21280 | Orc:2    | Entered Level 2 of the Orcish Mines
 21297 | Orc:2    | 21297 ||| INVOKING Heroism.
 21299 | Orc:2    | Noticed an orc warlord
 21339 | Orc:2    | 21339 ||| INVOKING Finesse.
 21343 | Orc:2    | Killed an orc warlord
 21343 | Orc:2    | Received a gift from Okawaru
 21378 | Orc:2    | 21378 ||| INVOKING Heroism.
 21386 | Orc:2    | Reached skill level 12 in Shields
 21396 | Orc:2    | 21396 ||| DRINKING 3 potions of cancellation.
 21424 | Orc:2    | Reached XP level 16. HP: 104/104 MP: 21/23
 21446 | Orc:1    | 21446 ||| INVOKING Heroism.
 21520 | Orc:1    | 21520 ||| Stepping ~*~*~tactically~*~*~ (stealth).
 21526 | Orc:1    | 21526 ||| INVOKING Heroism.
 21666 | Orc:2    | 21666 ||| Stepping ~*~*~tactically~*~*~ (hiding).
 21758 | Orc:2    | 21758 ||| INVOKING Heroism.
 21880 | Orc:2    | Found a staircase to the Elven Halls.
 21976 | Orc:2    | 21976 ||| Stepping ~*~*~tactically~*~*~ (stealth).
 21986 | Orc:2    | 21986 ||| DROPPING +5 war axe of freezing.
 22006 | Orc:2    | Found Ukoin's General Store.
 22007 | Orc:2    | Found Loewus's Book Shop.
 22009 | Orc:2    | Found Usutef's Antique Armour Boutique.
 22009 | Orc:2    | Found Unninic's Antique Weapon Boutique.
 22013 | Orc:2    | 22013 ||| BUYING slimy chain mail (247 gold).
 22013 | Orc:2    | Bought a slimy chain mail for 247 gold pieces
 22013 | Orc:2    | Identified the +3 chain mail "Qaxt" {+Blink Fly rN+ Stlth+}
                  | (You bought it in a shop on level 2 of the Orcish Mines)
 22014 | Orc:2    | 22014 ||| BUYING glowing war axe (175 gold).
 22014 | Orc:2    | Bought a glowing war axe for 175 gold pieces
 22014 | Orc:2    | 22014 ||| BUYING runed broad axe (189 gold).
 22014 | Orc:2    | Bought a runed broad axe for 189 gold pieces
 22014 | Orc:2    | 22014 ||| DROPPING +2 hand axe of flaming.
 22015 | Orc:2    | 22015 ||| DROPPING +0 broad axe of electrocution.
 22025 | Orc:2    | 22025 ||| BUYING amulet of faith (640 gold).
 22025 | Orc:2    | Bought an amulet of faith for 640 gold pieces
 22025 | Orc:2    | 22025 ||| BUYING potion of lignification (48 gold).
 22025 | Orc:2    | Bought a potion of lignification for 48 gold pieces
 22089 | Orc:2    | 22089 ||| FLEEEEING.
 22090 | Orc:2    | 22090 ||| FLEEEEING.
 22091 | Orc:2    | 22091 ||| FLEEEEING.
 22092 | Orc:2    | 22092 ||| FLEEEEING.
 22094 | Orc:2    | 22094 ||| Stepping ~*~*~tactically~*~*~ (hiding).
 22095 | Orc:2    | 22095 ||| Stepping ~*~*~tactically~*~*~ (hiding).
 22104 | Orc:2    | 22104 ||| Stepping ~*~*~tactically~*~*~ (stealth).
 22113 | Orc:2    | 22113 ||| Stepping ~*~*~tactically~*~*~ (stealth).
 22116 | Orc:2    | 22116 ||| Stepping ~*~*~tactically~*~*~ (stealth).
 22123 | Orc:2    | 22123 ||| Stepping ~*~*~tactically~*~*~ (stealth).
 22127 | Orc:2    | 22127 ||| Stepping ~*~*~tactically~*~*~ (stealth).
 22200 | Orc:2    | Found a runed translucent gate.
 22200 | Orc:2    | Found a runed translucent gate.
 22202 | Orc:2    | Found a runed translucent gate.
 22209 | Orc:2    | 22209 ||| Stepping ~*~*~tactically~*~*~ (hiding).
 22228 | Orc:2    | Noticed qw's ghost (journeyman GrFi)
 22252 | Orc:2    | 22252 ||| PLANNING SHOALS:1-3
 22252 | Orc:2    | 22252 ||| DROPPING +4 ring mail of cold resistance.
 22253 | Orc:2    | 22253 ||| DROPPING +3 chain mail "Qaxt" {+Blink Fly rN+
                  | Stlth+}.
 22254 | Orc:2    | 22254 ||| UPGRADING to amulet of faith.
 22374 | Shoals:1 | Entered Level 1 of the Shoals
 22523 | Shoals:1 | Noticed a kraken
 22525 | Shoals:1 | 22525 ||| INVOKING Heroism.
 22525 | Shoals:1 | Noticed a kraken
 22526 | Shoals:1 | 22526 ||| INVOKING Finesse.
 22538 | Shoals:1 | Killed a kraken
 22557 | Shoals:1 | Killed a kraken
 22587 | Shoals:1 | Found a runed translucent door.
 22599 | Shoals:1 | 22599 ||| INVOKING Heroism.
 22600 | Shoals:1 | Noticed a kraken
 22605 | Shoals:1 | Noticed a kraken
 22629 | Shoals:1 | 22629 ||| INVOKING Finesse.
 22639 | Shoals:1 | Killed a kraken
 22642 | Shoals:1 | Killed a kraken
 22704 | Shoals:1 | 22704 ||| INVOKING Finesse.
 22728 | Shoals:1 | Received a gift from Okawaru
 22879 | Shoals:1 | 22879 ||| INVOKING Heroism.
 22910 | Shoals:1 | Reached skill level 15 in Fighting
 22930 | Shoals:1 | Received a gift from Okawaru
 22957 | Shoals:1 | 22957 ||| DROPPING +8 antimagic war axe.
 23218 | Shoals:1 | Received a gift from Okawaru
 23268 | Shoals:1 | Found a transporter.
 23268 | Shoals:1 | Found a transporter.
 23272 | Shoals:1 | Noticed Meoqees's ghost (adept MiFi)
 23274 | Shoals:1 | Noticed a kraken
 23430 | Shoals:1 | Noticed a kraken
 23442 | Shoals:1 | Killed a kraken
 23442 | Shoals:1 | Reached ****** piety under Okawaru
 23443 | Shoals:1 | Reached XP level 17. HP: 104/113 MP: 24/24
 23822 | Shoals:1 | 23822 ||| DROPPING +2 cloak.
 23851 | Shoals:2 | 23851 ||| Stepping ~*~*~tactically~*~*~ (hiding).
 23972 | Shoals:2 | Identified the amulet "Rirchop" {Spirit rN+ Str+2 Int+2
                  | Dex-4}
 23990 | Shoals:2 | 23990 ||| Stepping ~*~*~tactically~*~*~ (stealth).
 23992 | Shoals:2 | 23992 ||| Stepping ~*~*~tactically~*~*~ (hiding).
 24012 | Shoals:2 | 24012 ||| Stepping ~*~*~tactically~*~*~ (hiding).
 24013 | Shoals:2 | 24013 ||| Stepping ~*~*~tactically~*~*~ (hiding).
 24076 | Shoals:2 | Identified the +2 pair of gloves of Okawaru's Wrath {rF+
                  | Dex+2} (Okawaru gifted it to you on level 2 of the Shoals)
 24076 | Shoals:2 | Received a gift from Okawaru
 24085 | Shoals:2 | 24085 ||| INVOKING Heroism.
 24169 | Shoals:2 | Reached skill level 15 in Shields
 24192 | Shoals:2 | Identified the +7 mace "Tolugg" {venom, *Corrode rPois rC+}
 24194 | Shoals:2 | 24194 ||| Stepping ~*~*~tactically~*~*~ (hiding).
 24196 | Shoals:2 | 24196 ||| Stepping ~*~*~tactically~*~*~ (hiding).
 24199 | Shoals:2 | 24199 ||| INVOKING Heroism.
 24200 | Shoals:2 | 24200 ||| INVOKING Finesse.
 24338 | Shoals:2 | 24338 ||| INVOKING Heroism.
 24406 | Shoals:2 | Noticed Ilsuiw
 24407 | Shoals:2 | 24407 ||| INVOKING Heroism.
 24408 | Shoals:2 | 24408 ||| INVOKING Finesse.
 24474 | Shoals:2 | 24474 ||| INVOKING Heroism.
 24488 | Shoals:2 | Killed Ilsuiw
 24515 | Shoals:2 | Found a runed translucent gate.
 24515 | Shoals:2 | Found a runed translucent gate.
 24515 | Shoals:2 | Found a runed translucent gate.
 24517 | Shoals:2 | Noticed Meod's ghost (adept MiBe)
 24517 | Shoals:2 | Noticed case's ghost (adept MiBe)
 24518 | Shoals:2 | Noticed thechecker02's ghost (adept GnFi)
 24518 | Shoals:2 | Noticed Kehia's ghost (adept DrWn)
 24577 | Shoals:2 | 24577 ||| Stepping ~*~*~tactically~*~*~ (hiding).
 24698 | Shoals:2 | 24698 ||| INVOKING Heroism.
 25027 | Shoals:2 | 25027 ||| UPGRADING to +2 pair of gloves of Okawaru's Wrath
                  | {rF+ Dex+2}.
 25037 | Shoals:2 | 25037 ||| DROPPING +2 pair of gloves.
 25038 | Shoals:2 | 25038 ||| DROPPING amulet "Rirchop" {Spirit rN+ Str+2 Int+2
                  | Dex-4}.
 25039 | Shoals:2 | 25039 ||| DROPPING ring of willpower.
 25061 | Shoals:3 | 25061 ||| INVOKING Heroism.
 25062 | Shoals:3 | 25062 ||| INVOKING Finesse.
 25087 | Shoals:3 | 25087 ||| Stepping ~*~*~tactically~*~*~ (hiding).
 25088 | Shoals:3 | 25088 ||| Stepping ~*~*~tactically~*~*~ (hiding).
 25092 | Shoals:3 | 25092 ||| Stepping ~*~*~tactically~*~*~ (hiding).
 25170 | Shoals:3 | Found a runed translucent door.
 25171 | Shoals:3 | Noticed Paetweng's ghost (adept OgFi)
 25302 | Shoals:3 | Noticed Polyphemus
 25303 | Shoals:3 | 25303 ||| INVOKING Heroism.
 25304 | Shoals:3 | 25304 ||| INVOKING Finesse.
 25341 | Shoals:3 | Killed Polyphemus
 25388 | Shoals:3 | 25388 ||| INVOKING Heroism.
 25389 | Shoals:3 | 25389 ||| INVOKING Finesse.
 25452 | Shoals:3 | Received a gift from Okawaru
 25470 | Shoals:3 | 25470 ||| INVOKING Heroism.
 25472 | Shoals:3 | HP: 16/116 [faun/+0 spear[a satyr] (24)]
 25473 | Shoals:3 | 25473 ||| READING 14 scrolls of teleportation.
 25474 | Shoals:3 | 25474 ||| DRINKING potion of heal wounds.
 25479 | Shoals:3 | Found Jurunlan's Distillery.
 25631 | Shoals:3 | 25631 ||| Stepping ~*~*~tactically~*~*~ (stealth).
 25633 | Shoals:3 | 25633 ||| Stepping ~*~*~tactically~*~*~ (stealth).
 25678 | Shoals:3 | Found Asorham's Weapon Shoppe.
 25683 | Shoals:3 | 25683 ||| BUYING potion of cancellation (112 gold).
 25683 | Shoals:3 | Bought a potion of cancellation for 112 gold pieces
 25683 | Shoals:3 | 25683 ||| BUYING potion of haste (140 gold).
 25683 | Shoals:3 | Bought a potion of haste for 140 gold pieces
 25683 | Shoals:3 | 25683 ||| BUYING potion of magic (112 gold).
 25683 | Shoals:3 | Bought a potion of magic for 112 gold pieces
 25683 | Shoals:3 | 25683 ||| BUYING potion of mutation (112 gold).
 25683 | Shoals:3 | Bought a potion of mutation for 112 gold pieces
 26155 | Shoals:3 | 26155 ||| PLANNING SNAKE:1-3
 26299 | Snake:1  | Entered Level 1 of the Snake Pit
 26302 | Snake:1  | 26302 ||| Stepping ~*~*~tactically~*~*~ (hiding).
 26344 | Snake:1  | 26344 ||| INVOKING Heroism.
 26346 | Snake:1  | Received a gift from Okawaru
 26390 | Snake:1  | 26390 ||| READING scroll of enchant weapon.
 26390 | Snake:1  | 26390 ||| ENCHANTING +2 vampiric war axe.
 26554 | Snake:1  | 26554 ||| Stepping ~*~*~tactically~*~*~ (hiding).
 26886 | Snake:1  | Received a gift from Okawaru
 26903 | Snake:1  | Reached XP level 18. HP: 123/123 MP: 18/25
 26918 | Snake:1  | 26918 ||| DROPPING +5 war axe of flaming.
 26964 | Snake:1  | Identified the +3 pair of boots "Meidut" {rPois Int+3}
 26976 | Snake:1  | 26976 ||| Stepping ~*~*~tactically~*~*~ (hiding).
 27027 | Snake:1  | Received a gift from Okawaru
 27076 | Snake:1  | Found a snail-covered altar of Cheibriados.
 27113 | Snake:1  | 27113 ||| Stepping ~*~*~tactically~*~*~ (stealth).
 27259 | Snake:1  | 27259 ||| Stepping ~*~*~tactically~*~*~ (hiding).
 27482 | Snake:1  | Noticed Donald
 27483 | Snake:1  | 27483 ||| Stepping ~*~*~tactically~*~*~ (stealth).
 27485 | Snake:1  | 27485 ||| INVOKING Heroism.
 27486 | Snake:1  | 27486 ||| INVOKING Finesse.
 27497 | Snake:1  | Killed Donald
 27562 | Snake:1  | 27562 ||| UPGRADING to +0 crystal plate armour.
 27572 | Snake:1  | 27572 ||| UPGRADING to +3 pair of boots "Meidut" {rPois
                  | Int+3}.
 27582 | Snake:1  | 27582 ||| DROPPING +2 pair of boots of rampaging.
 27583 | Snake:1  | 27583 ||| DROPPING +0 plate armour.
 27584 | Snake:1  | 27584 ||| DROPPING +3 chain mail of willpower.
 27585 | Snake:1  | 27585 ||| DROPPING +1 chain mail of cold resistance.
 27586 | Snake:1  | 27586 ||| READING scroll labelled MEYKKE QAVUQIA.
 27645 | Snake:2  | 27645 ||| Stepping ~*~*~tactically~*~*~ (hiding).
 27691 | Snake:2  | 27691 ||| Stepping ~*~*~tactically~*~*~ (hiding).
 27698 | Snake:2  | 27698 ||| INVOKING Heroism.
 27830 | Snake:2  | 27830 ||| Stepping ~*~*~tactically~*~*~ (hiding).
 27831 | Snake:2  | 27831 ||| Stepping ~*~*~tactically~*~*~ (hiding).
 27835 | Snake:2  | 27835 ||| INVOKING Heroism.
 27848 | Snake:2  | Received a gift from Okawaru
 27887 | Snake:2  | 27887 ||| Stepping ~*~*~tactically~*~*~ (stealth).
 27890 | Snake:2  | 27890 ||| INVOKING Heroism.
 27947 | Snake:2  | Received a gift from Okawaru
 28078 | Snake:2  | 28078 ||| Stepping ~*~*~tactically~*~*~ (hiding).
 28101 | Snake:2  | 28101 ||| Stepping ~*~*~tactically~*~*~ (hiding).
 28119 | Snake:2  | 28119 ||| Stepping ~*~*~tactically~*~*~ (hiding).
 28130 | Snake:2  | Reached skill level 15 in Armour
 28328 | Snake:2  | Identified the scarf of the Solstice {shadows, rElec Regen+
                  | MP+9 Dex+4} (Okawaru gifted it to you on level 2 of the
                  | Snake Pit)
 28328 | Snake:2  | Received a gift from Okawaru
 28953 | Snake:2  | 28953 ||| DROPPING +1 pair of gloves.
 28954 | Snake:2  | 28954 ||| DROPPING scarf of the Solstice {shadows, rElec
                  | Regen+ MP+9 Dex+4}.
 28983 | Snake:3  | Noticed Agnes
 28984 | Snake:3  | 28984 ||| INVOKING Heroism.
 28985 | Snake:3  | 28985 ||| INVOKING Finesse.
 28995 | Snake:3  | Killed Agnes
 29051 | Snake:3  | 29051 ||| Stepping ~*~*~tactically~*~*~ (hiding).
 29063 | Snake:3  | 29063 ||| Stepping ~*~*~tactically~*~*~ (hiding).
 29098 | Snake:3  | 29098 ||| INVOKING Heroism.
 29201 | Snake:3  | Found Muh Mall's Distillery.
 29217 | Snake:3  | 29217 ||| INVOKING Heroism.
 29266 | Snake:3  | 29266 ||| BUYING 2 potions of might (168 gold).
 29266 | Snake:3  | Bought 2 potions of might for 168 gold pieces
 29266 | Snake:3  | 29266 ||| BUYING potion of curing (63 gold).
 29266 | Snake:3  | Bought a potion of curing for 63 gold pieces
 29266 | Snake:3  | 29266 ||| BUYING potion of haste (210 gold).
 29266 | Snake:3  | Bought a potion of haste for 210 gold pieces
 29266 | Snake:3  | 29266 ||| BUYING potion of heal wounds (105 gold).
 29266 | Snake:3  | Bought a potion of heal wounds for 105 gold pieces
 29266 | Snake:3  | 29266 ||| BUYING potion of might (84 gold).
 29266 | Snake:3  | Bought a potion of might for 84 gold pieces
 29266 | Snake:3  | 29266 ||| SHOPLISTING potion of mutation (168 gold, have
                  | 113).
 29333 | Snake:3  | 29333 ||| Stepping ~*~*~tactically~*~*~ (stealth).
 29342 | Snake:3  | 29342 ||| INVOKING Heroism.
 29499 | Snake:3  | 29499 ||| Stepping ~*~*~tactically~*~*~ (hiding).
 29502 | Snake:3  | 29502 ||| Stepping ~*~*~tactically~*~*~ (hiding).
 29514 | Snake:3  | 29514 ||| Stepping ~*~*~tactically~*~*~ (hiding).
 29516 | Snake:3  | 29516 ||| Stepping ~*~*~tactically~*~*~ (hiding).
 29572 | Snake:3  | Received a gift from Okawaru
 29822 | Snake:3  | 29822 ||| Stepping ~*~*~tactically~*~*~ (hiding).
 29962 | Snake:3  | 29962 ||| Stepping ~*~*~tactically~*~*~ (hiding).
 29963 | Snake:3  | 29963 ||| Stepping ~*~*~tactically~*~*~ (hiding).
 29970 | Snake:3  | 29970 ||| INVOKING Heroism.
 29978 | Snake:3  | 29978 ||| Stepping ~*~*~tactically~*~*~ (hiding).
 29998 | Snake:3  | 29998 ||| Stepping ~*~*~tactically~*~*~ (hiding).
 30028 | Snake:3  | Noticed Vashnia
 30044 | Snake:3  | 30044 ||| Stepping ~*~*~tactically~*~*~ (hiding).
 30045 | Snake:3  | 30045 ||| Stepping ~*~*~tactically~*~*~ (hiding).
 30081 | Snake:3  | 30081 ||| FLEEEEING.
 30104 | Snake:3  | 30104 ||| Stepping ~*~*~tactically~*~*~ (hiding).
 30106 | Snake:3  | 30106 ||| FLEEEEING.
 30120 | Snake:3  | 30120 ||| Stepping ~*~*~tactically~*~*~ (hiding).
 30122 | Snake:3  | 30122 ||| Stepping ~*~*~tactically~*~*~ (hiding).
 30123 | Snake:3  | 30123 ||| Stepping ~*~*~tactically~*~*~ (hiding).
 30127 | Snake:3  | 30127 ||| INVOKING Heroism.
 30130 | Snake:3  | 30130 ||| Stepping ~*~*~tactically~*~*~ (hiding).
 30170 | Snake:3  | 30170 ||| Stepping ~*~*~tactically~*~*~ (hiding).
 30176 | Snake:3  | Killed Vashnia
 30176 | Snake:3  | Received a gift from Okawaru
 30190 | Snake:3  | 30190 ||| DROPPING +0 broad axe of electrocution.
 30281 | Snake:3  | 30281 ||| PLANNING SHOALS:4
 30281 | Snake:3  | 30281 ||| UPGRADING to +1 tower shield of protection.
 30291 | Snake:3  | 30291 ||| DROPPING +0 kite shield.
 30506 | Shoals:4 | Entered Level 4 of the Shoals
 30517 | Shoals:4 | 30517 ||| STAIRDANCE
 30540 | Shoals:4 | 30540 ||| INVOKING Heroism.
 30575 | Shoals:4 | 30575 ||| INVOKING Heroism.
 30578 | Shoals:4 | Reached XP level 19. HP: 128/128 MP: 23/26
 30591 | Shoals:4 | 30591 ||| INVOKING Finesse.
 30598 | Abyss:2  | Cast into level 2 of the Abyss (merfolk impaler)
 30769 | Abyss:2  | Paralysed by accursed screaming for 1 turns
 30793 | Abyss:2  | 30793 ||| INVOKING Heroism.
 30814 | Abyss:2  | 30814 ||| Stepping ~*~*~tactically~*~*~ (stealth).
 30919 | Abyss:2  | 30919 ||| Stepping ~*~*~tactically~*~*~ (stealth).
 30946 | Abyss:2  | 30946 ||| Stepping ~*~*~tactically~*~*~ (stealth).
 30947 | Abyss:2  | 30947 ||| Stepping ~*~*~tactically~*~*~ (stealth).
 30959 | Abyss:2  | 30959 ||| Stepping ~*~*~tactically~*~*~ (stealth).
 31001 | Abyss:2  | 31001 ||| Stepping ~*~*~tactically~*~*~ (stealth).
 31002 | Abyss:2  | 31002 ||| Stepping ~*~*~tactically~*~*~ (stealth).
 31004 | Abyss:2  | 31004 ||| Stepping ~*~*~tactically~*~*~ (stealth).
 31061 | Abyss:2  | 31061 ||| Stepping ~*~*~tactically~*~*~ (hiding).
 31065 | Abyss:2  | 31065 ||| Stepping ~*~*~tactically~*~*~ (stealth).
 31086 | Abyss:2  | 31086 ||| Stepping ~*~*~tactically~*~*~ (hiding).
 31088 | Abyss:2  | 31088 ||| Stepping ~*~*~tactically~*~*~ (hiding).
 31132 | Abyss:2  | Noticed a bone dragon
 31150 | Abyss:2  | 31150 ||| INVOKING Heroism.
 31179 | Abyss:2  | 31179 ||| INVOKING Heroism.
 31180 | Abyss:2  | Killed a bone dragon
 31183 | Shoals:4 | Escaped the Abyss
 31183 | Shoals:4 | HP: 23/115 [merfolk javelineer/silver javelin (9)]
 31184 | Shoals:4 | 31184 ||| INVOKING Finesse.
 31231 | Abyss:3  | Cast into level 3 of the Abyss (merfolk impaler)
 31276 | Abyss:3  | 31276 ||| INVOKING Heroism.
 31278 | Abyss:3  | Paralysed by accursed screaming for 1 turns
 31359 | Abyss:3  | Paralysed by accursed screaming for 2 turns
 31363 | Abyss:3  | 31363 ||| INVOKING Heroism.
 31375 | Abyss:3  | Paralysed by accursed screaming for 1 turns
 31376 | Abyss:3  | HP: 23/128 [starcursed mass/accursed screaming (16)]
 31377 | Abyss:3  | 31377 ||| READING 14 scrolls of teleportation.
 31378 | Abyss:3  | 31378 ||| DRINKING potion of heal wounds.
 31382 | Abyss:3  | HP: 12/128 [starcursed mass/accursed screaming (5)]
 31386 | Abyss:3  | Slain by a wight

Levels and vault maps discovered:
D:1:      eino_arrival_cavern_a, layout_rooms
D:2:      layout_rooms
D:3:      layout_basic, gammafunk_ghost_nasty_kobolds, minmay_misc_feat_tiny
D:4:      layout_basic, mainiacjoe_overflow_alcove_4, minmay_temple_entry_arrows
D:5:      layout_basic, amethyst_overflow_temple_binary, serial_shops,
          nicolae_shop_waterfront, shop, shop
D:6:      layout_loops_ring, kennysheep_generic_room_8
D:7:      layout_layer_cave, nicolae_shop_fire_sale [nicolae_sub_dead_trees],
          uniq_duvessa, uniq_pikel
D:8:      layout_loops_ring, uniq_maurice
D:9:      layout_stronghold, serial_shops, shop, hangedman_feature_mirror,
          kennysheep_diamond, kennysheep_generic_room_13, uniq_psyche
D:10:     layout_loops_ring
D:11:     gammafunk_wand_slinger, layout_long_grid, due_lair_maze_entry_diamond,
          orc_0_dummy, minivault_4, nicolae_shop_sticking_my_neck_out, uniq_grum
D:12:     layout_small_grid, serial_bayou, serial_bayou_shore_a,
          serial_bayou_lagoon_a, serial_bayou_pond_a, serial_bayou_pond_e,
          serial_bayou_shore_b
D:13:     minmay_weird_star, layout_rooms, portal_ice_cave_entry_ice_simulacra
D:14:     layout_gridville, david_vaults_3, nicolae_wu_jian_wuxing_cycle,
          gammafunk_ghost_smash, chequers_arboretum, uniq_azrael
D:15:     grunt_enter_depths_giant_problem, layout_rooms,
          gauntlet_entry_generic, serial_shops, shop, shop,
          nicolae_shop_statue_plus, shop, nicolae_qazlal_scattered_showers,
          nicolae_ru_the_path_less_chosen
Temple:   hellmonk_temple_of_storms
Lair:1:   layout_roguey, serial_bayou_crossing, lemuel_fruit_tree,
          infiniplex_staircase_pool_2, uniq_maggie, uniq_erica
Lair:2:   layout_roguey, basic_altar
Lair:3:   layout_roguey, elwin_shoals_entry_rooms, nicolae_snake_entry_squirm,
          chequers_serial_rivers_micro_d, uniq_gastronok
Lair:4:   layout_hall_layers, nicolae_slime_entry_slimehenge,
          nicolae_volcano_entry_s_turn, gammafunk_ghost_necromancy, uniq_rupert
Lair:5:   evilmike_catoblepas_cave, layout_regular_city, grunt_megastairs_5,
          infiniplex_staircase_pool
Shoals:1: nicolae_shoals_lighthouse, layout_shoals, ebering_ghost_davey_jones
Shoals:2: layout_shoals, gammafunk_ghost_cemetery, uniq_ilsuiw
Shoals:3: layout_shoals, serial_shops, nicolae_shop_industrial_runoff, shop,
          gammafunk_ghost_grave, uniq_polyphemus
Shoals:4: shoals_end_simple, layout_shoals, shoals_ilsuiw_alternative
Snake:1:  layout_basic, basic_altar, uniq_donald
Snake:2:  layout_chambers
Snake:3:  layout_misc_corridors, serial_shops, shop, nicolae_integral_box,
          uniq_agnes, uniq_vashnia
Orc:1:    layout_caves
Orc:2:    st_orc_congregation, layout_caves, maelrawn_ghost_gauntlet_escape
Abyss:3:  base:
D:5

Skill      XL: |  1  2  3  4  5  6  7  8  9 10 11 12 13 14 15 16 17 18 19 |
---------------+----------------------------------------------------------+-----
Axes           | 2 3 4 5 6 8 9 10 11 13 14 16 | 16.0
Fighting       | 4 5 7 8 9 10 11 12 13 15 17 | 17.0
Dodging        | 1 2 3 4 5 |  5.0
Invocations    | 4 8 10 | 10.0
Throwing       | 2 5 6 7 8 |  8.2
Armour         | 5 7 9 10 11 12 13 14 17 | 17.9
Shields        | 4 5 6 7 12 14 15 17 | 17.3

Action                     |  1- 3 |  4- 6 |  7- 9 | 10-12 | 13-15 | 16-18 | 19-21 || total
---------------------------+-------+-------+-------+-------+-------+-------+-------++-------
  Melee: War axe           |   106 |    56 |   192 |   480 |  1081 |  2186 |   400 ||  4501
         Hand axe          |       |       |       |    10 |    33 |       |       ||    43
  Throw: Boomerang         |       |     4 |    41 |    97 |    90 |       |       ||   232
         Javelin           |       |       |       |       |    34 |    84 |     6 ||   124
 Invoke: Heroism           |       |     3 |    13 |    24 |    33 |    29 |     5 ||   107
         Finesse           |       |       |       |     1 |     3 |    10 |     2 ||    16
    Use: Scroll            |     4 |    10 |     6 |     8 |    12 |     3 |     1 ||    44
         Potion            |       |       |     1 |     2 |     7 |     1 |     1 ||    12
   Stab: Invisible         |       |       |       |       |    12 |    62 |     4 ||    78
         Paralysed         |       |       |       |       |     3 |       |       ||     3
 Armour: Scale mail        |    45 |    12 |       |       |       |       |       ||    57
         Chain mail        |       |     4 |    96 |    39 |   382 |   467 |       ||   988
         Plate armour      |       |       |       |   187 |   232 |       |       ||   419
         Crystal plate arm |       |       |       |       |       |   290 |   206 ||   496
  Dodge: Dodged            |    50 |    20 |    68 |   146 |   761 |  1028 |   172 ||  2245
  Block: Buckler           |    17 |     3 |    33 |    86 |   193 |       |       ||   332
         Kite shield       |       |       |       |       |   246 |  1151 |       ||  1397
         Tower shield      |       |       |       |       |       |    58 |   362 ||   420

Table legend:
 A = Non-vault XP
 B = Vault XP
 C = Vault XP percentage of total XP
 D = Non-vault monster count
 E = Vault monster count
 F = Vault count percentage of total count
                 A         B        C        D         E       F
            +---------+---------+-------+---------+---------+-------
      Total |  259007 |   88693 |  25.5 |     830 |     247 |  22.9
            +---------+---------+-------+---------+---------+-------
        D:1 |      48 |       0 |   0.0 |      26 |       0 |   0.0
        D:2 |      15 |       0 |   0.0 |       7 |       0 |   0.0
        D:3 |      35 |       0 |   0.0 |       8 |       0 |   0.0
        D:4 |     352 |       0 |   0.0 |      11 |       0 |   0.0
        D:5 |    2138 |       0 |   0.0 |      35 |       0 |   0.0
        D:6 |    1385 |      61 |   4.2 |      37 |       2 |   5.1
        D:7 |    1182 |     843 |  41.6 |      17 |       3 |  15.0
        D:8 |     634 |     516 |  44.9 |      19 |       1 |   5.0
        D:9 |    1803 |    1654 |  47.8 |      12 |       7 |  36.8
       D:10 |    1431 |       0 |   0.0 |      20 |       0 |   0.0
       D:11 |    2927 |    2611 |  47.1 |      11 |      12 |  52.2
       D:12 |    7661 |       0 |   0.0 |      27 |       0 |   0.0
       D:13 |    6513 |     553 |   7.8 |      17 |       8 |  32.0
       D:14 |    9843 |    7780 |  44.1 |      20 |      27 |  57.4
       D:15 |   10914 |    1110 |   9.2 |      24 |       1 |   4.0
     Lair:1 |    3369 |    1243 |  27.0 |      18 |       2 |  10.0
     Lair:2 |    5547 |       0 |   0.0 |      17 |       0 |   0.0
     Lair:3 |    4466 |    2473 |  35.6 |      22 |       5 |  18.5
     Lair:4 |    5360 |    1903 |  26.2 |      23 |       5 |  17.9
     Lair:5 |   13895 |   11342 |  44.9 |      41 |      32 |  43.8
   Shoals:1 |   26008 |   21820 |  45.6 |      46 |      38 |  45.2
   Shoals:2 |   20689 |    3010 |  12.7 |      42 |       5 |  10.6
   Shoals:3 |   22792 |    5613 |  19.8 |      42 |       6 |  12.5
   Shoals:4 |    5018 |    2195 |  30.4 |      14 |       3 |  17.6
    Snake:1 |   15328 |    1341 |   8.0 |      29 |       1 |   3.3
    Snake:2 |   20581 |       0 |   0.0 |      41 |       0 |   0.0
    Snake:3 |   34131 |    7287 |  17.6 |      68 |       6 |   8.1
      Orc:1 |    5093 |       0 |   0.0 |      41 |       0 |   0.0
      Orc:2 |    3116 |   10787 |  77.6 |      38 |      70 |  64.8
    Abyss:2 |   16777 |       0 |   0.0 |      34 |       0 |   0.0
    Abyss:3 |    9956 |       0 |   0.0 |      23 |       0 |   0.0
   Gauntlet |       0 |    4551 | 100.0 |       0 |      13 | 100.0
            +---------+---------+-------+---------+---------+-------
